 Dungeon Crawl Stone Soup version 0.28.0 (webtiles) character file.

Game seed: 6453398739023957982

17603 jt the Severer (level 12, -4/122 HPs)
             Began as a Hill Orc Monk on Feb 9, 2022.
             Was a Follower of Ignis.
             Slain by a six-headed hydra (5 damage)
             ... on level 3 of the Lair of Beasts.
             The game lasted 00:53:12 (20235 turns).

jt the Severer (Hill Orc Monk)                     Turns: 20235, Time: 00:53:18

Health: -4/122     AC: 10    Str: 19    XL:     12   Next: 49%
Magic:  15/15      EV:  9    Int: 12    God:    Ignis [*.....]
Gold:   151        SH: 20    Dex: 13    Spells: 9/15 levels left

rFire   + . .      SeeInvis +   T - +2 whip (pain)
rCold   . . .      Faith    .   Y - +0 tower shield
rNeg    . . .      Spirit   .   o - +2 steam dragon scales
rPois   .          Reflect  +   c - +2 hat
rElec   .          Harm     .   I - +2 cloak
rCorr   .          Rampage  .   (no gloves)
Will    +....                   (no boots)
Stlth   ++........              W - amulet of reflection
HPRegen 0.30/turn               M - ring of see invisible
MPRegen 0.14/turn               t - ring of flight

@: flying
A: deformed body, strong-willed 1, strong 1
a: Renounce Religion, Fiery Armour, Foxfire Swarm, Rising Flame


You were on level 3 of the Lair of Beasts.
You worshipped Ignis.
Ignis was aware of your devotion.
You visited 4 branches of the dungeon, and saw 16 of its levels.
You also visited: Bailey.

You collected 607 gold pieces.
You spent 456 gold pieces at shops.

Inventory:

Hand Weapons
 a - a +0 vorpal war axe
 b - a +0 vorpal hunting sling
 G - a +2 arbalest of freezing
 J - a +3 spear of flaming
 K - a +3 glaive of protection
 P - a +1 hand axe of freezing
 R - a +0 bardiche
 T - a +2 whip of pain (weapon)
 X - a +0 shortbow
Missiles
 e - 410 stones
 m - 127 arrows
 y - 32 poisoned darts (quivered)
 A - 7 boomerangs
 C - 31 sling bullets
 D - 3 boomerangs of dispersal
 S - 3 throwing nets
 V - 3 silver boomerangs
Armour
 c - a +2 hat (worn)
 n - a +2 robe of resistance
 o - +2 steam dragon scales (worn)
 B - a +0 troll leather armour
 F - a +0 plate armour
 I - a +2 cloak (worn)
 O - a +0 helmet
 Y - a +0 tower shield (worn)
Magical Staves
 g - a staff of death
Jewellery
 t - a ring of flight (right hand)
 w - a ring of ice
 M - a ring of see invisible (left hand)
 W - an amulet of reflection (around neck)
Wands
 j - a wand of charming (3)
 E - a wand of digging (9)
 U - a wand of flame (30)
Scrolls
 d - 3 scrolls of teleportation
 f - a scroll of fog
 k - a scroll of enchant weapon
 q - a scroll of fear
 r - 3 scrolls of enchant armour
 v - 5 scrolls of holy word
 L - a scroll of blinking
 N - a scroll of vulnerability
 Z - a scroll of identify
Potions
 h - a potion of mutation
 i - 5 potions of curing
 l - a potion of brilliance
 p - a potion of cancellation
 s - 3 potions of lignification
 u - a potion of invisibility
 x - 2 potions of resistance
 z - a potion of berserk rage
 H - a potion of attraction


   Skills:
 + Level 15.7 Fighting
 - Level 16.0 Axes
 - Level 2.0 Throwing
 - Level 2.0 Armour
 - Level 2.4 Dodging
 - Level 1.5 Stealth
 + Level 8.7 Shields
 - Level 2.0 Spellcasting
 - Level 3.0 Fire Magic


You had 9 spell levels left.
You knew the following spells:

 Your Spells              Type           Power      Damage    Failure   Level
a - Scorch                Fire           16%        2d5       63%         2
b - Passwall              Tmut/Erth      0%         N/A       96%         2
c - Blink                 Tloc           2%         N/A       96%         2

Your spell library contained the following spells:

 Spells                   Type           Power      Damage    Failure   Level
 Magic Dart               Conj           4%         1d3       88%         1
 Corpse Rot               Necr/Air       2%         N/A       96%         2
 Ensorcelled Hibernation  Hex/Ice        2%         N/A       96%         2
 Poisonous Vapours        Pois/Air       2%         N/A       96%         2
 Searing Ray              Conj           2%         2d4       96%         2
 Ignite Poison            Fire/Tmut/Pois 3%         N/A       98%         3
 Lesser Beckoning         Tloc           1%         N/A       99%         3
 Spider Form              Tmut/Pois      1%         N/A       99%         3
 Swiftness                Air            1%         N/A       99%         3
 Animate Armour           Summ/Erth      2%         N/A       100%        4
 Flame Wave               Conj/Fire      4%         2d5       100%        4
 Fulminant Prism          Conj/Hex       0%         3d6       100%        4
 Olgreb's Toxic Radiance  Pois           1%         N/A       100%        4
 Manifold Assault         Tloc           1%         N/A       100%        5
 Eringya's Noxious Bog    Tmut/Pois      0%         N/A       100%        6
 Summon Cactus Giant      Summ           0%         N/A       100%        6


Dungeon Overview and Level Annotations

Branches:
Dungeon (11/15)            Temple (1/1) D:5            Lair (3/6) D:10
    Orc (1/2) D:10         Bailey (visited)
  Swamp: Lair:2-4    Shoals: Lair:2-4     Snake: Lair:2-4    Spider: Lair:2-4

Altars:
Ashenzari
Cheibriados
Dithmenos
Elyvilon
Fedhas
Gozag
Hepliaklqana
Kikubaaqudgha
Makhleb
Nemelex Xobeh
Okawaru
Qazlal
Ru
Sif Muna
Trog
Uskayaw
Vehumet
Wu Jian
Xom
Yredelemnul
Zin
The Shining One
Ignis

Shops:
D:1 !   D:3 =

Annotations:
D:11 exclusion: obsidian statue, Harold


Innate Abilities, Weirdness & Mutations

Armour fits poorly on your strangely shaped body.
You are strong-willed. (Will+)
Your muscles are strong. (Str +2)


Message History

The six-headed hydra bites you!
You block the six-headed hydra's attack.
The six-headed hydra barely misses you.
You block the six-headed hydra's attack.
The six-headed hydra bites you!
You block the six-headed hydra's attack.
You hit the six-headed hydra.
The six-headed hydra is almost dead.
You block the six-headed hydra's attack.
The six-headed hydra bites you!
* * * LOW HITPOINT WARNING * * *
The six-headed hydra bites you but does no damage.
The six-headed hydra bites you.
* * * LOW HITPOINT WARNING * * *
You block the six-headed hydra's attack. x2
Unknown command.
You barely miss the six-headed hydra.
The six-headed hydra is almost dead.
You block the six-headed hydra's attack. x2
The six-headed hydra bites you!
* * * LOW HITPOINT WARNING * * *
The six-headed hydra barely misses you.
The six-headed hydra bites you but does no damage.
The six-headed hydra bites you.
* * * LOW HITPOINT WARNING * * *
Unknown command.
You see here a poisoned dart.
Okay, then.
Okay, then.
Found 3 gold pieces.
A seven-headed hydra comes into view.
Found a white potion.
The seven-headed hydra roars!
The six-headed hydra bites you!
* * * LOW HITPOINT WARNING * * *
You block the six-headed hydra's attack.
The six-headed hydra bites you!
* * * LOW HITPOINT WARNING * * *
The six-headed hydra bites you.
You die...

......................##......
.......................#......
.......##......#.......$......
P....#..##.##..####...##......
#....#####......##...P# .#!.#.
.....## #.≈≈≈...P...# ##..
......# #.≈≈≈.D....## .....##
#.≈≈≈.D....## #.....#
###.....@....P#
#.....##P##...........#
......................P#
......#.................#
...>:....................
.....##...#............#.
#..##.#...#...........#. ##.
.....P....###..### .. ...... .


You could see a seven-headed hydra and a six-headed hydra.

Vanquished Creatures
  Josephine (Orc:1)
  Fannar (Lair:3)
  The ghost of Asparus the Destroyer, a journeyman DsCj of Vehumet (D:10)
  A two-headed ogre (Bailey)
  3 death yaks
  2 black mambas (Lair:1)
  Joseph (D:7)
  2 cane toads (Lair:2)
  3 komodo dragons
  A troll (D:10)
  8 blink frogs (Lair:2)
  Prince Ribbit (D:7)
  Sigmund (D:3)
  8 spriggans (Bailey)
  3 yaks (D:8)
  5 wraiths (D:10)
  2 wyverns
  A steam dragon (D:9)
  Menkaure (D:7)
  An acid dragon (Bailey)
  4 water moccasins
  6 orc warriors
  4 black bears
  3 necrophages
  A hornet zombie (D:7)
  13 ogres
  3 centaurs
  2 kobold brigands
  Blork the orc (D:5)
  A gnoll sergeant (D:10)
  5 bullfrogs
  2 wyvern zombies (D:7)
  A water moccasin zombie (D:5)
  11 killer bees
  2 wights (D:7)
  4 howler monkeys
  2 centaur zombies
  Crazy Yiuf (D:5)
  A human zombie (D:7)
  2 jellies
  A bullfrog zombie (D:7)
  2 hounds
  2 gnoll shamans
  6 orc priests
  A centaur skeleton (D:5)
  4 iguanas
  11 orc wizards
  2 hell rats (D:10)
  Natasha (D:2)
  3 mummies (D:7)
  21 gnolls
  7 adders
  A white imp (D:8)
  An adder skeleton (D:4)
  2 worms
  3 dart slugs
  37 orcs
  3 bats
  7 endoplasms
  3 giant cockroaches
  9 goblins
  4 hobgoblins
  2 jackals (D:1)
  9 quokkas
  6 ball pythons
  5 frilled lizards
  A jackal skeleton (D:3)
  13 kobolds
  13 rats
296 creatures vanquished.

Vanquished Creatures (others)
  An orc (Orc:1)
  75 foxfires
  4 fungi
  6 plants (Lair:2)
86 creatures vanquished.

Grand Total: 382 creatures vanquished

Notes
Turn   | Place    | Note
-------+----------+-------------------------------------------
     0 | D:1      | jt the Hill Orc Monk began the quest for the Orb.
     0 | D:1      | Reached XP level 1. HP: 19/19 MP: 1/1
   135 | D:1      | Reached XP level 2. HP: 13/26 MP: 2/2
   330 | D:1      | Reached skill level 5 in Axes
   608 | D:1      | Found Elezabro's Distillery.
   613 | D:1      | Found a faded altar of an unknown god.
   633 | D:1      | Reached XP level 3. HP: 26/31 MP: 3/3
   634 | D:1      | Bought a potion of curing for 36 gold pieces
   642 | D:1      | Prayed at the altar of an unknown god.
   642 | D:1      | Became a worshipper of Ignis, the Dying Flame
   642 | D:1      | Reached ****** piety under Ignis
   988 | D:1      | Reached skill level 6 in Axes
  1322 | D:2      | Reached XP level 4. HP: 37/39 MP: 4/4
  1638 | D:2      | Noticed Natasha
  1647 | D:2      | Killed Natasha
  1648 | D:2      | Reached skill level 7 in Axes
  1835 | D:2      | Reached XP level 5. HP: 45/45 MP: 5/5
  2156 | D:3      | Found Qicim's Jewellery Emporium.
  2576 | D:3      | Found a hide-covered altar of Uskayaw.
  2738 | D:3      | Noticed Sigmund
  2741 | D:3      | Gained mutation: Armour fits poorly on your strangely
                  | shaped body. [potion of mutation]
  2741 | D:3      | Gained mutation: You are strong-willed. (Will+) [potion of
                  | mutation]
  2741 | D:3      | Gained mutation: Your muscles are strong. (Str +2) [potion
                  | of mutation]
  2761 | D:3      | Killed Sigmund
  2762 | D:3      | Reached skill level 8 in Axes
  2762 | D:3      | Reached XP level 6. HP: 17/52 MP: 6/6
  3620 | D:4      | Noticed a black bear
  3865 | D:4      | Noticed a black bear
  4090 | D:4      | Killed a black bear
  4091 | D:4      | Reached skill level 9 in Axes
  4091 | D:4      | Reached XP level 7. HP: 51/60 MP: 7/7
  4413 | D:4      | Reached skill level 5 in Fighting
  4676 | D:4      | Learned a level 2 spell: Scorch
  4679 | D:4      | Learned a level 2 spell: Passwall
  4854 | D:4      | Learned a level 2 spell: Blink
  5163 | D:5      | Entered Level 5 of the Dungeon
  5201 | D:5      | Reached skill level 10 in Axes
  5295 | D:5      | Reached XP level 8. HP: 42/71 MP: 8/8
  5555 | D:1      | Bought a potion of haste for 120 gold pieces
  5660 | D:5      | Noticed Blork the orc
  5674 | D:5      | Killed Blork the orc
  5720 | D:5      | Found a runed translucent door.
  5721 | D:5      | Noticed Crazy Yiuf
  5726 | D:5      | Killed Crazy Yiuf
  5916 | D:5      | Found a staircase to the Ecumenical Temple.
  5920 | Temple   | Entered the Ecumenical Temple
  6410 | D:6      | Reached skill level 11 in Axes
  6693 | D:6      | Found a radiant altar of Vehumet.
  7360 | D:7      | Noticed Prince Ribbit
  7391 | D:7      | Killed Prince Ribbit
  7392 | D:7      | Reached skill level 12 in Axes
  7392 | D:7      | Reached XP level 9. HP: 73/82 MP: 9/9
  7420 | D:7      | Noticed Joseph
  7468 | D:7      | Found a flagged portal.
  7530 | Bailey   | Entered a bailey
  7650 | Bailey   | Noticed a two-headed ogre
  7673 | Bailey   | Reached skill level 13 in Axes
  7677 | Bailey   | Reached skill level 10 in Fighting
  7682 | Bailey   | Killed a two-headed ogre
  7683 | Bailey   | Reached skill level 14 in Axes
  7683 | Bailey   | Reached XP level 10. HP: 94/96 MP: 1/10
  7757 | Bailey   | Reached skill level 1 in Throwing
  8145 | D:7      | Noticed Menkaure
  8157 | D:7      | Killed Menkaure
  8158 | D:7      | Reached skill level 1 in Fire Magic
  8483 | D:7      | Killed Joseph
  8484 | D:7      | Reached skill level 1 in Spellcasting
  9187 | D:7      | Found an ancient bone altar of Kikubaaqudgha.
 10116 | D:8      | Reached skill level 15 in Axes
 10877 | D:8      | Found a burning altar of Makhleb.
 10883 | D:8      | Found a broken altar of Ashenzari.
 11158 | D:8      | Reached XP level 11. HP: 43/105 MP: 7/14
 12662 | D:9      | Found a shadowy altar of Dithmenos.
 12823 | D:10     | Entered Level 10 of the Dungeon
 12853 | D:10     | Found a runed translucent door.
 12856 | D:10     | Noticed Asparus's ghost (journeyman DsCj)
 13101 | D:10     | Reached skill level 1 in Shields
 13377 | D:10     | Noticed a death yak
 13395 | D:10     | Noticed a death yak
 13398 | D:10     | Noticed a death yak
 13569 | D:10     | Found a staircase to the Orcish Mines.
 13771 | D:10     | Reached skill level 16 in Axes
 13930 | D:10     | Found a staircase to the Lair.
 14050 | D:10     | Killed a death yak
 14482 | D:9      | Killed a death yak
 15639 | D:3      | Bought an amulet of reflection for 300 gold pieces
 15857 | D:10     | Killed a death yak
 15858 | D:10     | Reached skill level 5 in Shields
 15968 | Orc:1    | Entered Level 1 of the Orcish Mines
 15969 | Orc:1    | Noticed Josephine
 16143 | Orc:1    | Killed Josephine
 16317 | Orc:1    | Noticed an orc sorcerer
 16656 | D:10     | Killed Asparus's ghost
 16657 | D:10     | Reached XP level 12. HP: 30/117 MP: 3/15
 16999 | Lair:1   | Entered Level 1 of the Lair of Beasts
 17018 | Lair:1   | Noticed a six-headed hydra
 17440 | D:11     | Noticed Harold
 17440 | D:11     | Noticed a seven-headed hydra
 18266 | Lair:1   | Got Lira's Grimoire of Creative Envenoming
 18447 | Lair:1   | Reached skill level 15 in Fighting
 19865 | Lair:2   | Noticed a six-headed hydra
 19874 | Lair:3   | Noticed Fannar
 19932 | Lair:3   | Killed Fannar
 20206 | Lair:3   | Noticed a six-headed hydra
 20224 | Lair:3   | Noticed a seven-headed hydra
 20235 | Lair:3   | HP: 1/122 [six-headed hydra (7)]
 20235 | Lair:3   | Slain by a six-headed hydra

Illustrated notes

Levels and vault maps discovered:
D:1:      dpeg_arrival_pits, layout_basic, basic_ecumenical_altar, serial_shops,
          shop, minmay_statues_item
D:2:      layout_loops_ring, uniq_natasha
D:3:      minmay_bubble_buster, layout_rooms, nicolae_overflow_hidden_temple,
          serial_shops, shop, kennysheep_boxes, uniq_sigmund
D:4:      layout_basic
D:5:      layout_loops_ring, temple_statues, grunt_ministairs_10,
          uniq_blork_the_orc, uniq_crazy_yiuf_cottage
D:6:      layout_loops_ring, vehumet_crystals
D:7:      layout_loops_ring, lemuel_mausoleum_altar_kikubaaqudgha,
          enter_bailey_2, uniq_joseph, uniq_menkaure, uniq_prince_ribbit1
D:8:      layout_loops_cross, nicolae_overflow_squiral
D:9:      layout_cave_pools, nicolae_dithmenos_through_a_glass_darkly
D:10:     layout_roguey, dpeg_lair_monsters,
          kennysheep_orc_monster_closet_entryway, ebering_ghost_reflecting_pool
D:11:     regret_index_combs_of_tragedy, layout_loops_corners,
          minmay_statue_bubble, uniq_harold
Temple:   nicolae_temple_elliptical
Lair:1:   layout_big_grid, minivault_11, grunt_forest_small_clearing_treed
Lair:2:   layout_long_grid
Lair:3:   layout_gridlike, minmay_swamp_entry_swarm, spider_nest_entry_webs,
          nicolae_quartered_pool_impasse, uniq_fannar
Orc:1:    layout_caves, gammafunk_ghost_arena, nicolae_volcano_entry_lava_flow,
          nicolae_orc_flooded_monolith, uniq_josephine

Skill      XL: |  1  2  3  4  5  6  7  8  9 10 11 12 |
---------------+-------------------------------------+-----
Axes           | 5 6 7 8 9 10 12 14 15 16 | 16.0
Fighting       | 4 6 8 11 12 14 15 | 15.7
Armour         | 2 |  2.0
Throwing       | 2 |  2.0
Fire Magic     | 3 |  3.0
Spellcasting   | 2 |  2.0
Shields        | 6 8 |  8.7
Dodging        | |  2.4
Stealth        | |  1.5

Action                   |  1- 3 |  4- 6 |  7- 9 | 10-12 || total
-------------------------+-------+-------+-------+-------++-------
Melee: Hand axe          |   137 |   105 |    73 |   135 ||   450
       Punch             |     1 |     2 |     6 |     7 ||    16
       War axe           |       |    87 |   150 |   564 ||   801
       Whip              |       |       |       |     8 ||     8
 Fire: Hunting sling     |       |     3 |     6 |    26 ||    35
Throw: Stone             |     4 |    23 |    11 |     4 ||    42
       Dart              |       |     3 |    14 |    75 ||    92
       Boomerang         |       |       |     1 |       ||     1
 Cast: Scorch            |       |       |     3 |   114 ||   117
Invok: Fiery Armour      |       |       |     3 |     4 ||     7
       Foxfire Swarm     |       |       |     3 |     1 ||     4
Evoke: Wand              |       |       |       |     9 ||     9
  Use: Potion            |       |     4 |     7 |     6 ||    17
       Scroll            |       |     4 |     8 |     9 ||    21
 Stab: Sleeping          |     1 |     1 |       |     1 ||     3
       Invisible         |       |     1 |       |       ||     1
Armor: Robe              |    11 |    22 |    85 |   129 ||   247
       Ring mail         |    13 |       |       |       ||    13
       Chain mail        |    30 |    45 |       |       ||    75
       Steam dragon scal |       |       |       |    41 ||    41
Dodge: Dodged            |    72 |    77 |   151 |   277 ||   577
Block: Other             |       |       |       |    18 ||    18
       Tower shield      |       |       |       |   180 ||   180
